 Dungeon Crawl Stone Soup version 0.30-a0-381-g6ea064c7b4 (webtiles) character file.

Game seed: 12507786200420679396

397 retardedninja the Trooper (level 6, -3/56 HPs)
             Began as a Hill Orc Fighter on Dec 1, 2022.
             Killed from afar by a steam dragon (20 damage)
             ... with a ball of steam
             ... on level 4 of the Dungeon.
             The game lasted 00:03:55 (2849 turns).

retardedninja the Trooper (Hill Orc Fighter)        Turns: 2849, Time: 00:03:56

Health: -3/56      AC:  9    Str: 20 (21) XL:     6   Next: 83%
Magic:  6/6        EV:  9    Int:  8      God:
Gold:   165        SH:  4    Dex:  7 (10) Spells: 5/5 levels left

rFire   . . .      SeeInvis .    a - +0 war axe
rCold   . . .      Faith    .    c - +0 buckler
rNeg    . . .      Spirit   .    b - +0 scale mail
rPois   .          Reflect  .    (no helmet)
rElec   .          Harm     .    s - +0 cloak
rCorr   .          Rampage  .    (no gloves)
Will    .....                    k - +0 pair of boots
Stlth   ..........               (no amulet)
HPRegen 0.29/turn                (no ring)
MPRegen 0.10/turn                (no ring)

@: no status effects
A: no striking features
a: no special abilities


You were on level 4 of the Dungeon.
You visited 1 branch of the dungeon, and saw 4 of its levels.

You collected 165 gold pieces.

Inventory:

Hand Weapons
 a - a +0 war axe (weapon)
Armour
 b - a +0 scale mail (worn)
 c - a +0 buckler (worn)
 k - a +0 pair of boots (worn)
 s - a +0 cloak (worn)
Jewellery
 d - a ring of flight
 q - a ring of fire
 t - a ring of poison resistance
Wands
 v - a wand of mindburst (7)
Scrolls
 e - 2 scrolls of vulnerability {unknown}
 f - 5 scrolls of identify {unknown}
 i - 3 scrolls of teleportation {unknown}
 m - 2 scrolls of butterflies {unknown}
 p - a scroll of magic mapping {unknown}
 w - a scroll of enchant weapon {unknown}
Potions
 g - a potion of brilliance {unknown}
 h - a potion of cancellation {unknown}
 j - a potion of ambrosia {unknown}
 n - a potion of heal wounds {unknown}
 o - a potion of mutation {unknown}
 r - 5 potions of degeneration
 u - a potion of invisibility {unknown}
 x - a potion of flight {unknown}
 z - a potion of lignification {unknown}


   Skills:
 + Level 5.4 Fighting
 + Level 5.1 Axes
 + Level 4.9 Armour
 + Level 5.0 Shields


You had 5 spell levels left.
You didn't know any spells.
Your spell library contained the following spells:

 Spells                   Type           Power      Damage    Failure   Level
 Summon Small Mammal      Summ           0%         N/A       83%         1
 Cigotuvi's Dreadful Rot  Necr/Pois/Air  0%         N/A       92%         2
 Call Canine Familiar     Summ           0%         N/A       99%         3
 Ignite Poison            Fire/Tmut/Pois 0%         N/A       99%         3
 Kindle Blastsparks       Fire/Tloc/Air  0%         2d10      99%         3
 Summon Guardian Golem    Hex/Summ       0%         N/A       99%         3
 Dispel Undead            Necr           0%         3d6       100%        4
 Freezing Cloud           Conj/Ice/Air   0%         6-21      100%        5
 Death Channel            Necr           0%         N/A       100%        6


Dungeon Overview and Level Annotations

Branches:
Dungeon (4/15)
 Temple: D:4-7

Altars:
Dithmenos
Nemelex Xobeh
Ru


Message History

The steam dragon is moderately wounded.
The steam dragon breathes steam at you. The ball of steam hits you!
You barely miss the steam dragon.
The steam dragon is moderately wounded.
You hit the goblin.
You kill the goblin!
You are engulfed in a cloud of scalding steam.
The steam dragon breathes steam at you. The ball of steam hits you!!
It was a potion of curing.
You feel better.
The steam dragon bites you but does no damage.
The steam dragon claws you but does no damage.
Okay, then.
You hit the steam dragon but do no damage.
The steam dragon is moderately wounded.
The steam dragon bites you but does no damage.
The steam dragon barely misses you.
You hit the steam dragon.
The steam dragon is heavily wounded.
The steam dragon breathes steam at you. The ball of steam hits you!
The steam dragon bites you but does no damage.
The steam dragon closely misses you.
You barely miss the steam dragon.
The steam dragon is heavily wounded.
You are engulfed in a cloud of scalding steam.
The steam dragon bites you but does no damage.
The steam dragon claws you but does no damage.
You barely miss the steam dragon.
The steam dragon is heavily wounded.
You are engulfed in a cloud of scalding steam.
* * * LOW HITPOINT WARNING * * *
You block the steam dragon's attack. The steam dragon claws you.
* * * LOW HITPOINT WARNING * * *
You feel better.
You are engulfed in a cloud of scalding steam.
The steam dragon breathes steam at you. The ball of steam hits you!!
You die...

#..###......####
#...............
#...............
#..###........#
#..#....##....#.
#.##....#<......
#.....#.#.......
#....##..).....#
#.... ##@#.....#
#.......D# .....
#......... ....
#.......... ...
........... .#
...........# !
...........#
...........#


You could see a steam dragon (catching breath).

Vanquished Creatures
  A necrophage (D:4)
  2 jellies (D:4)
  A hound (D:4)
  2 orc wizards
  7 adders
  3 gnolls (D:3)
  An ufetubus (D:4)
  A worm (D:2)
  3 dart slugs
  10 orcs
  7 bats
  4 endoplasms
  3 giant cockroaches
  5 goblins
  12 hobgoblins
  4 quokkas
  8 ball pythons
  5 frilled lizards
  3 kobolds
  5 rats
87 creatures vanquished.

Notes
Turn   | Place    | Note
-------+----------+-------------------------------------------
     0 | D:1      | retardedninja the Hill Orc Fighter began the quest for the
                  | Orb.
     0 | D:1      | Reached XP level 1. HP: 19/19 MP: 1/1
    99 | D:1      | Reached XP level 2. HP: 18/27 MP: 2/2
   528 | D:1      | Reached XP level 3. HP: 32/33 MP: 3/3
   705 | D:2      | Found a sparkling altar of Nemelex Xobeh.
   803 | D:2      | Reached XP level 4. HP: 40/40 MP: 4/4
  1196 | D:3      | Reached XP level 5. HP: 46/47 MP: 5/5
  1431 | D:3      | Found a shadowy altar of Dithmenos.
  1983 | D:3      | Found a faded altar of an unknown god.
  2274 | D:4      | Reached skill level 5 in Fighting
  2274 | D:4      | Reached XP level 6. HP: 38/56 MP: 6/6
  2470 | D:4      | Found a sacrificial altar of Ru.
  2487 | D:4      | Reached skill level 5 in Axes
  2534 | D:4      | Reached skill level 5 in Shields
  2839 | D:4      | Noticed a steam dragon
  2849 | D:4      | Killed from afar by a steam dragon

Illustrated notes

Levels and vault maps discovered:
D:1:      lightli_arrival_maybe_door_vault, layout_basic
D:2:      layout_rooms, minmay_hexomino_r4
D:3:      layout_loops_corners, nicolae_dithmenos_through_a_glass_darkly,
          hellmonk_ecumenical_altar_prayer_group
D:4:      layout_cave_pools, nicolae_ru_the_path_less_chosen,
          minmay_misc_feat_square, uniq_crazy_yiuf_cottage

Skill      XL: |  1  2  3  4  5  6 |
---------------+-------------------+-----
Axes           | 3 4 5 |  5.1
Fighting       | 4 5 |  5.4
Armour         | 4 |  4.9
Shields        | 4 5 |  5.0

Action                   |  1- 3 |  4- 6 || total
-------------------------+-------+-------++-------
Melee: War axe           |    86 |   169 ||   255
  Use: Potion            |       |     4 ||     4
Armor: Scale mail        |    52 |   112 ||   164
Dodge: Dodged            |    46 |    89 ||   135
Block: Buckler           |    22 |    45 ||    67

Table legend: (Time is in decaauts)
 A = Elapsed time spent in this place.
 B = Non-inter-level travel time spent in this place.
 C = Inter-level travel time spent in this place.
 D = Time resting spent in this place.
 E = Time spent auto-exploring this place.
 F = Levels seen in this place.
 G = Mean time per level.
                   A        B        C        D        E       F      G
               +--------+--------+--------+--------+--------+-----+--------+
         Total |   2935 |   2900 |     35 |    391 |   1891 |   4 |  733.8 |
       Dungeon |   2935 |   2900 |     35 |    391 |   1891 |   4 |  733.8 |
               +--------+--------+--------+--------+--------+-----+--------+

Top non-repeatable levels by time:
     D:3: 1150 daAuts
     D:1: 678 daAuts
     D:4: 605 daAuts
     D:2: 500 daAuts
